Map: Ulrena

Players

Happy - Winner!

  • Race: Terran Terran
  • League: Grandmaster

LiquidMaNa (MaNa)

  • Race: Protoss Protoss
  • League: Grandmaster

Event: 2016 WCS Winter Challenger Europe

VOD

Have the link to the VOD?

Description

Time

  • Played on: Feb. 13, 2016, 11:50 a.m.
  • Length: 12:20

All games in this series

Show
View Real Time Build Order
Export as new Build Order

Happy Terran - Winner!

Build Orders: Cyclone Opening, MMM Bio 

Get SALT Encoding   

  12  0:00  SCV  
  13  0:12  SCV  
  14  0:18  Supply Depot  
  14  0:25  SCV  
  15  0:30  Refinery  
  15  0:40  SCV  
  16  0:45  Barracks  
  16  0:52  SCV  
  17  1:04  SCV  
  18  1:15  Supply Depot  
  18  1:16  SCV  
  19  1:32  Factory, Marine  
  20  1:36  Orbital Command  
  20  1:46  Bunker  
  20  1:50  Marine  
  21  1:59  Refinery  
  21  2:02  SCV  
  22  2:10  Marine  
  22  2:14  SCV  
  24  2:19  Bunker  
  24  2:20  Factory Tech Lab  
  24  2:28  SCV  
  26  2:43  Cyclone  
  28  2:46  SCV  
  28  2:48  Supply Depot  
  28  2:50  Barracks Reactor  
  29  2:59  Engineering Bay  
  29  3:02  SCV  
  30  3:11  Barracks  
  33  3:20  Cyclone  
  33  3:29  SCV  
  33  3:32  Marine x2  
  36  3:36  Missile Turret  
  36  3:59  Command Center  
  36  4:12  Stimpack  
  36  4:13  Factory Reactor  
  36  4:16  Starport  
  36  4:24  Marine  
  36  4:31  Bunker  
  36  4:36  Marine  
  37  4:50  Marine x2  
  39  4:52  Terran Infantry Weapons Level 1  
  39  5:10  Orbital Command, Medivac x2, Marine  
  44  5:16  Supply Depot  
  44  5:22  Marauder  
  44  5:23  Marine  
  44  5:25  SCV  
  48  5:30  Marine  
  48  5:31  Orbital Command  
  49  5:40  SCV  
  49  5:41  Marine  
  51  5:43  Marauder, Medivac  
  51  5:44  Medivac  
  57  5:52  SCV  
  57  5:57  SCV  
  58  6:04  SCV  
  58  6:05  Factory Reactor  
  58  6:07  Barracks  
  58  6:08  Barracks  
  58  6:10  Supply Depot  
  59  6:16  SCV  
  59  6:18  SCV  
  61  6:24  Supply Depot  
  61  6:26  Combat Shields  
  61  6:28  SCV  
  61  6:31  Marine  
  63  6:35  Supply Depot  
  63  6:37  Marine  
  63  6:39  SCV  
  65  6:47  SCV, Marine  
  65  6:52  Bunker  
  67  6:55  Marine  
  67  6:56  Marine  
  67  6:57  Barracks Reactor  
  67  6:59  Barracks Tech Lab  
  69  7:04  Terran Infantry Armor Level 1  
  69  7:05  Marauder  
  71  7:13  Marine x2  
  71  7:14  SCV  
  74  7:16  Barracks  
  71  7:25  Medivac  
  71  7:26  Medivac, Marine x2  
  74  7:31  SCV  
  74  7:32  Supply Depot, SCV  
  74  7:37  Missile Turret  
  76  7:43  SCV  
  77  7:44  SCV  
  77  7:47  Supply Depot, Refinery  
  77  7:48  Widow Mine x2  
  77  7:50  Marine  
  83  7:58  Viking  
  81  8:01  SCV  
  82  8:13  Marauder, Barracks Tech Lab, Marine x2  
  82  8:16  Marine  
  82  8:18  SCV  
  88  8:24  SCV  
  89  8:27  Supply Depot, Starport  
  89  8:30  SCV  
  89  8:31  Marine  
  91  8:35  Liberator  
  91  8:36  SCV  
  91  8:39  Refinery  
  92  8:42  SCV  
  93  8:49  Marine  
  93  8:54  SCV  
  98  9:00  Command Center  
  98  9:05  Liberator  
  94  9:20  Liberator  
  94  9:22  Marine x2  
  94  9:23  Marauder, Marine  
  101  9:24  Marauder  
  101  9:29  Missile Turret, Liberator  
  101  9:37  Marine  
  105  9:38  SCV  
  105  9:43  SCV  
  107  9:51  Liberator x2  
  110  9:56  SCV x2  
  110  10:00  Supply Depot  
  110  10:02  Liberator  
  105  10:08  SCV  
  112  10:15  Liberator  
  112  10:16  SCV  
  112  10:19  Orbital Command  
  112  10:21  SCV  
  117  10:25  Marine  
  117  10:27  Missile Turret  
  118  10:28  SCV  
  118  10:33  Marine x2  
  118  10:34  Liberator  
  125  10:38  Bunker  
  123  10:47  Liberator  
  123  10:49  Marauder x2, Marine x2  
  116  10:59  Liberator  
  116  11:02  Bunker  
  112  11:04  Marine  
  112  11:08  Marine, Orbital Command  
  110  11:32  Concussive Shells  
  108  11:33  Marine x3  
  108  11:34  Marauder x2  
  108  11:37  Medivac  
  117  11:41  SCV x2  
  117  11:44  Orbital Command  
  117  11:45  Medivac  
  117  11:46  Marine  
  122  11:48  Marine  
  122  11:51  Marine  
  124  12:00  Marine  
  124  12:01  Marine  
Show
View Real Time Build Order
Export as new Build Order

LiquidMaNa Protoss 

Build Orders: 1 Gate Expand 

Get SALT Encoding   

  12  0:00  Probe (Chrono Boost)  
  13  0:11  Probe (Chrono Boost)  
  14  0:19  Pylon  
  14  0:22  Probe (Chrono Boost)  
  15  0:37  Probe (Chrono Boost), Gateway  
  16  0:48  Probe (Chrono Boost)  
  16  0:49  Assimilator  
  17  0:58  Probe (Chrono Boost)  
  18  1:09  Probe (Chrono Boost)  
  19  1:20  Nexus  
  19  1:31  Cybernetics Core  
  19  1:33  Probe (Chrono Boost)  
  20  1:41  Assimilator  
  20  1:48  Pylon  
  20  1:49  Probe (Chrono Boost)  
  21  1:59  Probe (Chrono Boost)  
  22  2:08  Adept (Chrono Boost), Warp Gate (Chrono Boost)  
  24  2:10  Probe  
  25  2:22  Probe  
  26  2:29  Stalker (Chrono Boost)  
  27  2:38  Robotics Facility  
  27  2:50  Mothership Core  
  28  3:00  Stalker  
  28  3:01  Pylon  
  30  3:09  Pylon  
  30  3:10  Probe  
  31  3:15  Probe  
  32  3:27  Immortal (Chrono Boost)  
  32  3:32  Stalker  
  36  3:50  Gateway  
  36  3:56  Gateway  
  36  3:58  Probe  
  37  4:12  Sentry  
  37  4:16  Pylon  
  40  4:38  Observer (Chrono Boost)  
  40  4:40  Nexus  
  40  4:42  Sentry  
  42  4:47  Pylon  
  42  4:49  Probe (Chrono Boost)  
  43  4:55  Pylon  
  43  5:01  Probe (Chrono Boost)  
  48  5:14  Immortal (Chrono Boost)  
  48  5:17  Probe  
  49  5:29  Probe  
  50  5:41  Probe  
  50  5:46  Robotics Bay  
  50  5:48  Warp Prism (Chrono Boost)  
  52  5:53  Probe  
  53  5:57  Probe  
  54  6:05  Probe, Pylon  
  54  6:07  Probe  
  56  6:17  Stargate  
  56  6:18  Probe  
  57  6:22  Probe  
  58  6:30  Probe  
  59  6:33  Gravitic Drive  
  59  6:34  Disruptor (Chrono Boost)  
  59  6:36  Probe  
  63  6:42  Probe  
  64  6:48  Probe  
  64  6:52  Assimilator  
  64  6:53  Assimilator  
  66  6:54  Probe  
  66  6:55  Pylon  
  66  6:59  Adept x2  
  70  7:04  Twilight Council  
  70  7:07  Probe  
  70  7:09  Probe  
  66  7:26  Stalker, Sentry, Adept  
  72  7:30  Probe  
  72  7:31  Gateway  
  72  7:32  Gateway  
  73  7:46  Probe  
  73  7:47  Blink (Chrono Boost)  
  74  7:55  Probe  
  74  7:58  Probe  
  76  8:00  Observer  
  77  8:06  Nexus  
  77  8:09  Stalker x2  
  81  8:19  Probe  
  81  8:20  Probe, Disruptor  
  86  8:29  Pylon  
  86  8:31  Adept  
  86  8:33  Adept x2  
  92  8:48  Stalker  
  92  8:49  Stalker  
  96  8:58  Adept x2  
  98  9:16  Stalker, Zealot x2  
  95  9:29  Nexus  
  95  9:34  Resonating Glaives (Chrono Boost)  
  95  9:45  Stalker x3  
  99  9:49  Pylon, Nexus  
  99  9:51  Pylon  
  97  10:15  Stalker x4  
  97  10:17  Stalker  
  107  10:22  Probe  
  107  10:23  Probe  
  109  10:30  Pylon  
  104  10:51  Adept x3  
  104  10:52  Adept x2  
  93  11:12  Stalker, Adept x3  
  93  11:13  Adept  
  102  11:37  Nexus  
  101  12:10  Pylon  
  101  12:12  Pylon  
Tags
 
Add a new tag
Caveats
  • Supply blocks, unpowered buildings, or Contaminate may cause inaccurate times.
  • Supply counts are checked every 10 seconds.